 Dungeon Crawl Stone Soup version 0.19-a0-1886-gd64a0f0 (console) character file.

112 ChaseSP the Poker (level 4, 0/35 HPs)
             Began as a Merfolk Fighter on Oct 16, 2016.
             Slain by a crimson imp (3 damage)
             ... on level 7 of the Dungeon.
             The game lasted 00:07:22 (2574 turns).

ChaseSP the Poker (Merfolk Fighter)                 Turns: 2574, Time: 00:07:23

Health: 0/35       AC:  8    Str: 18    XL:     4   Next: 93%
Magic:  3/3        EV:  4    Int:  7    God:
Gold:   116        SH:  9    Dex: 14    Spells: 0 memorised, 3 levels left

rFire  . . .     SeeInvis .     a - +0 trident
rCold  . . .     Gourm    .     g - +0 chain mail
rNeg   . . .     Faith    .     c - +0 shield
rPois  .         Spirit   .     (no helmet)
rElec  .         Dismiss  .     (no cloak)
rCorr  .         Reflect  .     (no gloves)
MR     .....     Harm     .     (no boots)
Stlth  ..........               (no amulet)
                                (no ring)
                                (no ring)

@: no status effects
A: change form in water, swift swim, stealthy swim, low mp 1, strong 1,
evolution 1
a: no special abilities


You were on level 7 of the Dungeon.
You were not hungry.

You visited 1 branch of the dungeon, and saw 5 of its levels.

You collected 116 gold pieces.

Inventory:

Hand Weapons
 a - a +0 trident (weapon)
Armour
 b - a +0 scale mail
 c - a +0 shield (worn)
 g - a +0 chain mail (worn)
Wands
 e - a wand of teleportation (2/9)
 h - a wand of paralysis (14/24)
Scrolls
 i - 3 scrolls of amnesia
 j - 2 scrolls of magic mapping {unknown}
 l - 2 scrolls of identify
 n - a scroll of noise {unknown}
 o - a scroll of immolation {unknown}
 p - a scroll of remove curse
 r - 3 scrolls of teleportation {unknown}
Potions
 d - a potion of might
 k - a potion of brilliance
Comestibles
 f - 5 bread rations
 m - 2 fruits


   Skills:
 - Level 3.2 Fighting
 + Level 7.2 Polearms
 - Level 2.1 Armour
 - Level 3.0 Shields


You had 3 spell levels left.
You didn't know any spells.

Dungeon Overview and Level Annotations

Branches:
Dungeon (7/15)
 Temple: D:4-7

Altars:


Innate Abilities, Weirdness & Mutations

You revert to your normal form in water.
You are very nimble and swift while swimming.
You are very stealthy in the water. (Stealth+)
Your magical capacity is low. (-10% MP)
Your muscles are strong. (Str +2)
You evolve.


Message History

* * * LOW HITPOINT WARNING * * *
The hippogriff pecks you.
* * * LOW HITPOINT WARNING * * *
The hippogriff claws you but does no damage.
You hit the hippogriff.
The hippogriff is heavily wounded.
The hippogriff bites you.
* * * LOW HITPOINT WARNING * * *
The hippogriff pecks you but does no damage.
You block the hippogriff's attack.
You hit the hippogriff but do no damage.
The hippogriff is heavily wounded.
You block the crimson imp's attack. The hippogriff bites you.
* * * LOW HITPOINT WARNING * * *
The hippogriff pecks you but does no damage.
The hippogriff claws you but does no damage.
You closely miss the hippogriff.
The hippogriff is heavily wounded.
The crimson imp hits you.
You die...

#######.####...
#####.# ....
#.....##.....
#.##.........
##.##..... #.#
.... #.# 5..
#5# .# #@# #
.......H#
.........
..........
#......#...
##...#. #.##
##.##. .# #. #.
.#


You could see a hippogriff and a crimson imp.

Vanquished Creatures
  4 gnolls
  An adder (D:3)
  3 worms (D:2)
  A dart slug (D:1)
  2 orcs
  A ball python (D:1)
  3 bats
  4 giant cockroaches
  8 goblins
  6 hobgoblins
  3 quokkas
  4 frilled lizards
  6 kobolds
  4 rats
50 creatures vanquished.

Notes
Turn   | Place    | Note
-------+----------+-------------------------------------------
     0 | D:1      | ChaseSP the Merfolk Fighter began the quest for the Orb.
     0 | D:1      | Reached XP level 1. HP: 18/18 MP: 1/1
   100 | D:1      | Reached skill level 4 in Polearms
   100 | D:1      | Reached XP level 2. HP: 20/24 MP: 2/2
   473 | D:2      | Reached skill level 5 in Polearms
   473 | D:2      | Reached XP level 3. HP: 29/29 MP: 3/3
  1311 | D:3      | Reached skill level 6 in Polearms
  1311 | D:3      | Reached XP level 4. HP: 8/35 MP: 4/4
  1318 | D:3      | Gained mutation: You evolve. [potion of mutation]
  1318 | D:3      | Gained mutation: Your muscles are strong. (Str +2) [potion of mutation]
  1318 | D:3      | Gained mutation: Your magical capacity is low. (-10% MP) [potion of mutation]
  1321 | D:3      | HP: 2/52 [poisoned by an adder]
  1328 | D:3      | HP: 1/52 [poisoned by an adder]
  2393 | D:3      | Reached skill level 7 in Polearms
  2447 | D:3      | You fall through a shaft for 3 floors!
  2447 | D:6      | Noticed a centaur
  2563 | D:7      | Noticed a hippogriff
  2574 | D:7      | Slain by a crimson imp

Vault maps used:
D:1:      saegor_arrival_simple_e
D:3:      first_bread
D:6:      dk_rats_in_the_wall, uniq_sigmund, uniq_eustachio

Skill      XL: |  1  2  3  4 |
---------------+-------------+-----
Polearms       | 4 5 6 7 |  7.2
Fighting       | |  3.2
Armour         | |  2.1
Shields        | |  3.0

Action                   |  1- 3 |  4- 6 || total
-------------------------+-------+-------++-------
Melee: Trident           |   144 |    76 ||   220
  Use: Potion            |     3 |     1 ||     4
       Scroll            |     1 |     1 ||     2
  Eat: Chunk             |     1 |     5 ||     6
Armor: Scale mail        |    40 |    14 ||    54
       Skin              |     2 |       ||     2
       Chain mail        |       |    16 ||    16
Dodge: Dodged            |    27 |     9 ||    36
Block: Shield            |    46 |    33 ||    79
